Cogmind - Beta 15 @@@ ROGUE MODE // 2025.06.15 @ 23:10:08 Player: Tenderz Result: Destroyed by CX-RKE(R) with Subdweller Machine Gun Performance ------------- Evolutions (0) 0 Regions Visited (2) 400 Robots Destroyed (35) 175 Value Destroyed (635) 635 Prototype IDs (0) 0 Alien Tech Used (0) 0 Bonus (0) 0 TOTAL SCORE: 1210 Bonus ------- None Cogmind --------- Core Integrity 0/250 Matter 227/300 Energy 250/250 System Corruption 0% Temperature Cool (0) Movement Core (850) Ox16 Location -10/Subcaves Parts ------- > --- POWER (1) -------- Ion Engine > --- PROPULSION (2) --- (None) > --- UTILITY (2) ------ Disposable Heat Sink High-capacity Storage Unit > --- WEAPON (2) ------- Subdweller Laser Light Assault Rifle > --- INVENTORY (20) --- Wheel Wheel Compact Wheel Small Storage Unit High-capacity Battery (250) Large Matter Pod (150) Large Matter Pod (150) Subdweller Optics Improved Terrain Scanner Tractor Beam Small Laser Light Assault Rifle Light Assault Rifle Mining Laser Peak State ------------ > --- POWER ------------ Ion Engine > --- PROPULSION ------- Spiked Treads Subdweller Monowheel > --- UTILITY ---------- Disposable Heat Sink High-capacity Storage Unit > --- WEAPON ----------- Subdweller Laser Light Assault Rifle > --- INVENTORY -------- Wheel Wheel Compact Wheel Small Storage Unit High-capacity Battery Large Matter Pod Large Matter Pod Subdweller Optics Improved Terrain Scanner Tractor Beam Small Laser Light Assault Rifle Light Assault Rifle Mining Laser [Rating: 12] Favorites ----------- Power Ion Engine Engine Ion Engine Propulsion Light Treads Treads Light Treads Wheel Subdweller Monowheel Utility High-capacity Storage Unit Device Seismic Detector Storage High-capacity Storage Unit Protection Light Armor Plating Weapon EM Pulse Gun Energy Gun EM Pulse Gun Energy Cannon Beam Cannon Ballistic Gun Light Assault Rifle Special Weapon Mining Laser Build | -11 -10 -10 ------- Run | Yrd Mat Sub Slots Evolved . | . . . Power . | . . . Propulsion . | . . . Utility . | . . . Weapon . | . . . Parts Attached 28 | 8 4 16 Power 5 | 1 2 2 Engine 5 | 1 2 2 Core . | . . . Reactor . | . . . Propulsion 7 | 2 . 5 Treads 4 | 2 . 2 Leg . | . . . Wheel 3 | . . 3 Hover . | . . . Flight . | . . . Utility 6 | 2 2 2 Device 3 | 1 . 2 Storage 2 | 1 1 . Processor . | . . . Hackware . | . . . Protection 1 | . 1 . Artifact . | . . . Weapon 10 | 3 . 7 Energy Gun 4 | 2 . 2 Energy Cannon 1 | . . 1 Ballistic Gun 4 | 1 . 3 Ballistic Cannon . | . . . Launcher . | . . . Special Weapon 1 | . . 1 Impact Weapon . | . . . Slashing Weapon . | . . . Piercing Weapon . | . . . Special Melee Weapon . | . . . Unidentified Prototypes . | . . . Parts Lost 15 | . . 15 Power 2 | . . 2 Propulsion 5 | . . 5 Utility 3 | . . 3 Weapon 5 | . . 5 Highest Loss Streak 6 | . . 6 To Critical Strikes 1 | . . 1 Average Backups 15 | 2 12 18 Power 1 | . 1 1 Propulsion 2 | . 1 4 Utility 7 | . 7 7 Weapon 3 | 1 2 4 Tool/Special . | . . . Unused Backups 12 | . 4 8 Power 1 | . 1 . Propulsion 1 | . . 1 Utility 9 | . 3 6 Weapon 1 | . . 1 Tool/Special . | . . . Average Slot Usage (%) 98 | . 100 97 Engine 13 | . 14 13 Treads 27 | . 28 26 Device 11 | . 12 10 Storage 14 | . 14 14 Protection 1 | . 1 1 Energy Gun 13 | . 26 2 Energy Cannon 2 | . . 4 Ballistic Gun 10 | . 1 18 Special Weapon 1 | . . 2 Peak Build Rating 12 | 7 9 12 Average Rating 8 | 5 8 9 On Entrance 5 | . 7 9 Naked Turns . | . . . Heaviest Build 53 | 14 52 53 Greatest Support 40 | 40 40 40 Greatest Overweight (x) 5 | . 1 5 Average Overweight (x) . | . . 1 Largest Inventory Capacity 20 | 8 20 20 Average Capacity 19 | 7 19 20 Most Carried 20 | 4 20 20 Average Carried 15 | 2 12 18 Final Capacity 20 | 8 20 20 Final Carried 20 | 4 20 14 Class Distribution -------------------- 100% | Mutant Dominant Class ---------------- Mutant | -10/Materials Mutant | -10/Subcaves Resources | -11 -10 -10 ----------- Run | Yrd Mat Sub Matter Collected 834 | 290 350 194 Remotely . | . . . Salvage Created 1167 | 116 861 190 Parts 72 | 4 57 11 Haulers Intercepted 2 | . 2 . Recyclers Shooed . | . . . Parts Field Recycled . | . . . Retrieved Matter . | . . . Parts Self-Destructed 7 | . . 7 Prevented . | . . . Kills | -11 -10 -10 ------- Run | Yrd Mat Sub Combat Hostiles Destroyed 23 | . 16 7 Guns 21 | . 15 6 Cannons 1 | . . 1 AOE 1 | . 1 . Classes Destroyed 10 | 2 7 1 Worker 3 | . 3 . Builder 1 | . 1 . Tunneler 1 | 1 . . Hauler 2 | . 2 . Recycler 2 | 1 1 . Operator 1 | . 1 . Watcher 2 | . 2 . Swarmer 11 | . 6 5 Grunt 10 | . 10 . Subdweller 2 | . . 2 Best Kill Streak 6 | 2 6 3 Combat Bots Only 5 | . 5 3 Max Kills in Single Turn 2 | 1 2 1 Gunslinging . | . . . Exploded 1 | . 1 . Melee . | . . . Uniques/NPCs Destroyed . | . . . Combat | -11 -10 -10 -------- Run | Yrd Mat Sub Hostile Shots Fired 200 | . 58 142 Missed 56 | . 16 40 Hits 144 | . 42 102 Projectile 144 | . 42 102 Critical Strikes 3 | . 1 2 Damage Taken 1764 | . 448 1316 Core 261 | . 56 205 Absorbed by Shields . | . . . Core Remaining (%) 100 | 100 . . Volleys Fired 112 | 12 48 52 Largest 2 | 2 2 2 Hottest 100 | 80 80 100 Shots Fired 210 | 14 96 100 Gun 191 | 14 96 81 Cannon 16 | . . 16 Launcher . | . . . Special 3 | . . 3 Kinetic 83 | 10 . 73 Thermal 25 | . . 25 Explosive . | . . . Electromagnetic 102 | 4 96 2 Robot Hit Streak 17 | 6 10 17 Robot Miss Streak 4 | 1 4 4 Penetration Max . | . . . Secondary Targets 4 | . 3 1 Max Gunslinging Chain 1 | . 1 1 Shots Hit Robots 142 | 12 59 71 Core Hits 53 | 4 35 14 Critical Kills . | . . . Critical Parts Destroyed . | . . . Critical Strikes 1 | . 1 . Corrupt 1 | . 1 . Melee Attacks . | . . . Impact . | . . . Slashing . | . . . Piercing . | . . . Sneak Attacks . | . . . Combat Hostiles . | . . . Follow-up Attacks . | . . . Damage Inflicted 1525 | 118 941 466 Guns 1370 | 118 821 431 Cannons 35 | . . 35 Explosions 120 | . 120 . Melee . | . . . Ramming . | . . . Kinetic 381 | 68 . 313 Thermal 273 | . 120 153 Explosive . | . . . Electromagnetic 871 | 50 821 . Impact . | . . . Slashing . | . . . Piercing . | . . . Highest Corruption . | . . . Average Corruption . | . . . Corruption Purged . | . . . Corruption Blocked . | . . . Overload Shots . | . . . Overflow Damage . | . . . Projectiles . | . . . Explosions . | . . . Melee . | . . . Knockbacks . | . . . Impact . | . . . Kinetic . | . . . Secondary . | . . . Self-Inflicted Damage 23 | . 23 . Shots 1 | . 1 . Rammed . | . . . Targets Rammed . | . . . Kicked . | . . . Crushed . | . . . Highest Temperature 241 | 36 241 24 Average Temperature 64 | 20 72 9 Received Heat Transfer 399 | . 165 234 Siege Activations . | . . . Martial Activations . | . . . Shielding Activations . | . . . Robots Disrupted . | . . . Combat Hostiles . | . . . Robots Corrupted 1 | . 1 . Combat Hostiles . | . . . Parts Fried 3 | . 3 . Impact Corruptions . | . . . Robots Melted . | . . . Combat Hostiles . | . . . Parts Melted 2 | . . 2 Heat Transferred 374 | . 150 224 Parts Sabotaged . | . . . Parts Stolen . | . . . Parts Stripped . | . . . Power Chain Reactions 2 | . 2 . Alert | -11 -10 -10 ------- Run | Yrd Mat Sub Maximum Alert Level . | . . . Low Security (%) 100 | 100 100 . Level 1 . | . . . Level 2 . | . . . Level 3 . | . . . Level 4 . | . . . Level 5 . | . . . High Security . | . . . Max Security . | . . . Peak Influence 130 | 5 130 . Initial . | . . . Average 30 | 1 33 . Influence Increases 652 | 10 457 185 Destroy 0b10 Robot/C 420 | . 320 100 Destroy 0b10 Robot/NC 60 | 10 50 . Destroy Leader 88 | . 78 10 Successful Hack 5 | . 5 . Destroy Structure 4 | . 4 . Lose Combat Pursuer 75 | . . 75 Influence Decreases 652 | 10 339 303 Entered New Map 58 | . . 58 Time Decay 507 | 10 339 158 Lost Part 87 | . . 87 Squads Dispatched 3 | . 3 . Investigation 2 | . 2 . Extermination . | . . . Reinforcement 1 | . 1 . Assault . | . . . Garrison . | . . . Intercept . | . . . Searches Triggered . | . . . Construction Impeded . | . . . Haulers Reinforced . | . . . Active Scanning Responses . | . . . Cargo Convoy Interrupts . | . . . Stealth | -11 -10 -10 --------- Run | Yrd Mat Sub Distress Signals 2 | . 2 . Communications Jammed . | . . . Distress Signals . | . . . Times Spotted 36 | . 21 15 Peak Tracking Total 6 | . 6 6 Tactical Retreats 2 | . . 2 Traps | -11 -10 -10 ------- Run | Yrd Mat Sub Traps Triggered 1 | . . 1 Indirectly . | . . . Trap Hack Attempts . | . . . Triggered . | . . . Disarmed . | . . . Reprogrammed . | . . . Reused . | . . . Traps Extracted . | . . . Installed . | . . . Triggered . | . . . Machines | -11 -10 -10 ---------- Run | Yrd Mat Sub Machines Disabled . | . . . Max in Single Turn . | . . . Machines Repaired . | . . . Machines Dismantled . | . . . Machines Sabotaged . | . . . Overloaded Fab Kills . | . . . Hacking | -11 -10 -10 --------- Run | Yrd Mat Sub Machines Accessed 6 | . 6 . Terminals 4 | . 4 . Fabricators . | . . . Repair Stations 1 | . 1 . Recycling Units 1 | . 1 . Scanalyzers . | . . . Garrison Access . | . . . Total Hacks 18 | . 18 . Successful 7 | . 7 . Failed 11 | . 11 . Catastrophic 2 | . 2 . Database Lockouts . | . . . Manual 19 | . 19 . Terminals 15 | . 15 . Fabricators . | . . . Repair Stations 1 | . 1 . Recycling Units 2 | . 2 . Scanalyzers . | . . . Garrison Access . | . . . Terminal Hacks 2 | . 2 . Robot Analysis 1 | . 1 . Locate Traps 1 | . 1 . Fabricator Hacks . | . . . Repair Station Hacks . | . . . Recycling Unit Hacks . | . . . Scanalyzer . | . . . Garrison Access Hacks . | . . . Unauthorized Hacks 5 | . 5 . Terminals 3 | . 3 . Track 2 | . 2 . Botnet 1 | . 1 . Fabricators . | . . . Repair Stations 1 | . 1 . Patch 1 | . 1 . Recycling Units 1 | . 1 . Recyclers 1 | . 1 . Scanalyzers . | . . . Garrison Access . | . . . Data Cores Recovered . | . . . Used . | . . . Hacking Detections 5 | . 5 . Full Trace Events 2 | . 2 . Feedback Events . | . . . Feedback Blocked . | . . . Robot Schematics Acquired . | . . . Robots Built . | . . . Authchips . | . . . Time . | . . . Total Robot Build Rating . | . . . Part Schematics Acquired . | . . . Parts Built . | . . . Authchips . | . . . Time . | . . . Total Part Build Rating . | . . . Parts Repaired . | . . . Time . | . . . Parts Recycled . | . . . Recycled Matter . | . . . Retrieved Matter . | . . . Retrieved Components . | . . . Parts Scanalyzed . | . . . Part Schematics Acquired . | . . . Parts Damaged . | . . . Bothacking | -11 -10 -10 ------------ Run | Yrd Mat Sub Used RIF Installer . | . . . Robots Hacked . | . . . Non-combat . | . . . Combat . | . . . Robot Hacks Applied . | . . . Relay Couplers Released . | . . . Fabnet Peak Effective % . | . . . Robots Rewired . | . . . Allies Hacked . | . . . Hacks Repelled . | . . . Allies | -11 -10 -10 -------- Run | Yrd Mat Sub Total Allies . | . . . Largest Group . | . . . Highest-Rated Group . | . . . Highest-Rated Ally . | . . . Total Orders . | . . . Ally Attacks . | . . . Total Damage . | . . . Kills . | . . . Allies Corrupted . | . . . Allies Melted . | . . . Intel | -11 -10 -10 ------- Run | Yrd Mat Sub Active Infowar (turns) 2078 | 33 1033 1012 Structural 300 | . . 300 Seismic 1778 | 33 1033 712 Robot Analysis Total 1 | . 1 . Derelict Logs Recovered 1 | . . 1 Drone Launches . | . . . Drone Recoveries . | . . . Exploration | -11 -10 -10 ------------- Run | Yrd Mat Sub Turns Passed 2682 | 113 1138 1431 Spaces Moved 953 | 48 389 516 Core 5 | 5 . . Treads 914 | 43 389 482 Legs . | . . . Wheels 34 | . . 34 Hover . | . . . Flight . | . . . Fastest Speed 50 | 50 160 130 Average Speed 229 | 148 234 232 Slowest Speed 240 | 160 240 240 Overloaded Moves . | . . . Propulsion Burnouts . | . . . Robots Hopped . | . . . Potential Cave-ins . | . . . Cave-ins Triggered . | . . . Exploration Rate (%) 35 | 5 61 41 Regions Visited 2 Branch Regions 1 Pre-discovered Areas . | . . . Known Exits Taken . | . . . Unknown Exits Taken 2 | 1 1 . Scrap Searched 2 | . . 2 Spaces Dug . | . . . Terrain Destroyed 4 | . 3 1 Melee . | . . . Projectile 1 | . . 1 AOE 3 | . 3 . Terrain Rammed . | . . . Walls Destroyed . | . . . Machines Disabled . | . . . Actions | -11 -10 -10 --------- Run | Yrd Mat Sub Total 1240 | 74 520 646 Wait 102 | 2 54 46 Move 951 | 47 388 516 Hop . | . . . Pick Up 31 | 5 19 7 Fast Attach 6 | 6 . . Attach 14 | 1 . 13 Detach . | . . . Swap 18 | 1 5 12 Drop 6 | . 6 . Fire 112 | 12 48 52 Melee . | . . . Ram . | . . . Kick . | . . . Crush . | . . . Escape Stasis . | . . . Rewire . | . . . Trap . | . . . Miscellaneous . | . . . Route ------- -11/Scrapyard -10/Materials (discovered 4 exits: [*Mat x2] / [*Min] / [*Sub]) -10/Subcaves (discovered 2 exits: Mat / [*Rec]) History --------- Turn | Location | Event 31 | -11/Scrapyard | Discovered new exit (range 15) 114 | -11/Scrapyard | Entered Materials 302 | -10/Materials | Build established: Mutant 453 | -10/Materials | Discovered new exit (range 15) 677 | -10/Materials | Discovered new exit (range 15) 981 | -10/Materials | Discovered new exit (range 10) 1228 | -10/Materials | Discovered new exit (range 11) 1252 | -10/Materials | Entered Subcaves 1253 | -10/Subcaves | Approached by a straggling Scientist 1559 | -10/Subcaves | Lost 5 parts (1p1n1u2w) 1978 | -10/Subcaves | Identified exit to Materials 2531 | -10/Subcaves | Discovered new exit (range 13) 2550 | -10/Subcaves | Core integrity fell below 50% 2601 | -10/Subcaves | Core integrity fell below 20% 2621 | -10/Subcaves | Lost 6 parts (1p2n1u2w) 2683 | -10/Subcaves | Destroyed by CX-RKE(R) with Subdweller Machine Gun Last Messages --------------- 02551_ Lgt. Treads destroyed. 02556_ Subatomizers dissect the Lgt. Assault Rifle. 02565_ Ion Engine destroyed. 02568_ Lgt. Assault Rifle fries itself beyond repair. 02570_ S-10 Pest destroyed. 02570_ Switching to secondary target: S-10 Pest. 02575_ S-10 Pest destroyed. 02579_ Flight Unit fries itself beyond repair. 02580_ Lgt. Ion Engine fries itself beyond repair. 02587_ Flight Unit fries itself beyond repair. 02590_ Structural Scanner destroyed. 02602_ Sub. Power Source melted. 02602_ SC-1GO(R) destroyed. 02604_ Acquired 57 matter. 02606_ Subatomizers dissect the Sub. Optics. 02607_ Acquired Sub. Optics. 02609_ Acquired Sub. Laser. 02667_ Critical hit (Destroy). 02667_ Spk. Treads destroyed. 02679_ Sub. Monowheel destroyed. Map ----- +----------------------------------------------------+ | ####### ## ##????????????? | | ?### ### #####????????????? | | ?## ##### ########????????????? | | ?## ####### #######?????????????? | | ?### #####?### ### ##?????????????? | | ?#### ############ ## ##?????????????? | | ??##############?## ##?????????????? | | ???#####?##""" ?### ###?????????????? | | ?????????##" ### ###?????????????? | | ????????###" ### ###?????????????? | | ????????###"" % ##?????????????? | | ????????##< ##?????????????? | | ????????###"" % %% ###?????????????? | | ????????###" ### ###?????????????? | | ?????????##" #### ##??????????????? | | ?????????##""" ??#### & ###?????????????? | | ?????????#######???#### & ##?????????????? | | ??????????######????### ##?????????????? | | ????????????# #?????## ###????????????? | | ????????????# #????### ##????????????? | | ?????????????# #???## " ###????????????? | | ?????????"????# ###?# " ##????????????? | | ????????#" ### "" #?# ###????????????? | | ????????#" "" ### ###????????????? | | ????????????""""" R ##?????????????? | | ????????????""""" " " @##?????????????? | | ??????????? """ """ ### ##?????????????? | | ?????????? " " " #?####?????????????? | | ?????????## " " " #?????????????????? | | ?????????# " """ " #????????????????? | | ?????????## # "" "" #???????????????? | | ??????????# "## """ ##???????????????? | | ??????????# "??# """#####????????????????? | | ??????????# ???# ""?????????????????????? | | ?????????? ????#? ???????????????????????? | | ????????? ???????????????????????????????? | | ???????? ????????????????????????????????? | | ?????????????????????????????????????????? | | ?????????????????????????????????????????? | | ?????????????????????????????????????????? | | ?????????????????????????????????????????? | | ?????????????????????????????????????????? | | ?????????????????????????????????????????? | | ?????????????????????????????????????????? | | ?????????????????????????????????????????? | | ????